 Dungeon Crawl Stone Soup version 0.30.1 (webtiles) character file.

Game seed: 16286752170037215059

14978 McKennaii the Destroyer (level 11, -16/74 HPs)
             Began as a Demigod Conjurer on July 11, 2023.
             Demolished by an entropy weaver simulacrum (19 damage)
             ... on level 2 of the Lair of Beasts.
             The game lasted 00:22:55 (11951 turns).

McKennaii the Destroyer (Demigod Conjurer)         Turns: 11951, Time: 00:22:55

Health: -16/74     AC:  9    Str: 10    XL:     11   Next: 64%
Magic:  8/31       EV: 12    Int: 32    God:
Gold:   386        SH:  0    Dex: 18    Spells: 23/33 levels left

rFire   + . .        x - +5 spear of Wyrd {speed, rPois Str+2}
rCold   . . .        (no shield)
rNeg    + . .        S - +3 leather armour {rF+}
rPois   +            L - +1 helmet
rElec   .            E - +0 cloak
rCorr   .            (no gloves)
SInv    .            (no boots)
Will    +....        g - amulet of magic regeneration
Stlth   ++           Q - +6 ring of dexterity
HPRegen 0.32/turn    y - ring of positive energy
MPRegen 0.62/turn

%: no passive effects
@: no status effects
A: high MP 1, forlorn, divine attributes
a: no special abilities


You were on level 2 of the Lair of Beasts.
You visited 2 branches of the dungeon, and saw 13 of its levels.
You also visited: Sewer and Volcano.

You collected 684 gold pieces.
You spent 298 gold pieces at shops.

Inventory:

Hand Weapons
 x - the +5 spear of Wyrd (weapon) {speed, rPois Str+2}
   (You found it on level 4 of the Dungeon)

   Str:       It affects your strength (+2).
   rPois:     It protects you from poison.
Armour
 w - a +2 robe of willpower
 E - a +0 cloak (worn)
 L - a +1 helmet (worn)
 S - a +3 leather armour of fire resistance (worn)
Magical Staves
 j - a staff of cold
Jewellery
 f - a ring of see invisible
 g - an amulet of magic regeneration (around neck)
 y - a ring of positive energy (right hand)
 M - a ring of fire
 Q - a +6 ring of dexterity (left hand)
Wands
 t - a wand of paralysis (24)
 u - a wand of iceblast (7)
 G - a wand of light (7)
 N - a wand of flame (4)
 P - a wand of polymorph (9)
Scrolls
 d - 2 scrolls of enchant weapon
 h - 3 scrolls of poison
 i - 2 scrolls of brand weapon
 k - 4 scrolls of fear
 o - 4 scrolls of immolation
 q - 5 scrolls of enchant armour
 r - 5 scrolls of amnesia
 I - 5 scrolls of teleportation
 J - 3 scrolls of vulnerability
 K - 3 scrolls of magic mapping
 O - 2 scrolls of blinking
 R - a scroll of fog
Potions
 a - 2 potions of resistance
 b - 4 potions of magic
 c - a potion of attraction
 e - 5 potions of brilliance
 l - 3 potions of lignification
 m - 6 potions of haste
 n - 6 potions of curing {unknown}
 p - 2 potions of flight {unknown}
 s - 2 potions of heal wounds
 v - 3 potions of degeneration {unknown}
 z - a potion of ambrosia {unknown}
 A - 2 potions of invisibility {unknown}
 C - 5 potions of might {unknown}
 D - a potion of berserk rage {unknown}
 F - a potion of mutation {unknown}
 H - a potion of cancellation {unknown}


   Skills:
 - Level 1.7 Dodging
 - Level 1.7 Stealth
 + Level 11.8 Spellcasting
 + Level 13.2 Conjurations


You had 23 spell levels left.
You knew the following spells:

 Your Spells              Type           Power      Damage    Failure   Level
a - Magic Dart            Conj           100%       1d8       0%          1
b - Searing Ray           Conj           100%       2d8       1%          2
c - Iskenderun's Mystic   Conj/Tloc      57%        2d12      2%          4
d - Stone Arrow           Conj/Erth      100%       3d13      1%          3

Your spell library contained the following spells:

 Spells                   Type           Power      Damage    Failure   Level
 Dazzling Flash           Conj/Hex       100%       N/A       1%          3
 Mephitic Cloud           Conj/Pois/Air  47%        N/A       1%          3
 Iskenderun's Battlesphe  Conj           80%        2d13      1%          5
 Fulminant Prism          Conj/Hex       28%        3d13      2%          4
 Beastly Appendage        Tmut           36%        N/A       3%          1
 Sandblast                Erth           36%        2d10      3%          1
 Summon Small Mammal      Summ           72%        N/A       3%          1
 Call Imp                 Summ           36%        N/A       5%          2
 Passwall                 Tmut/Erth      15%        N/A       5%          2
 Wereblood                Tmut           18%        N/A       5%          2
 Fireball                 Conj/Fire      28%        3d12      6%          5
 Call Canine Familiar     Summ           18%        N/A       11%         3
 Frozen Ramparts          Ice            36%        1d6       11%         3
 Portal Projectile        Hex/Tloc       36%        N/A       11%         3
 Spider Form              Tmut/Pois      18%        N/A       11%         3
 Summon Guardian Golem    Hex/Summ       18%        N/A       11%         3
 Tukima's Dance           Hex            18%        N/A       11%         3
 Orb of Destruction       Conj           40%        9d11      13%         7
 Leda's Liquefaction      Hex/Erth       9%         N/A       34%         4
 Passage of Golubria      Tloc           18%        N/A       34%         4
 Conjure Ball Lightning   Conj/Air       28%        3x3d8     34%         6
 Blade Hands              Tmut           9%         N/A       67%         5
 Metabolic Englaciation   Hex/Ice        9%         N/A       67%         5
 Yara's Violent Unravell  Hex/Tmut       9%         3d6       67%         5
 Simulacrum               Ice/Necr       9%         N/A       99%         6


Dungeon Overview and Level Annotations

Branches:
Dungeon (11/15)            Temple (0/1) D:6            Lair (2/5) D:9
 Shoals (0/4) Lair:2        Sewer (visited)         Volcano (visited)
  Snake: Lair:2-3    Spider: Lair:2-3       Orc: D:9-12

Shops:
D:7 =   D:9 ?

Annotations:
Lair:2 exclusion: oklob plant


Innate Abilities, Weirdness & Mutations

You have an increased reservoir of magic. (+10% MP)
You shall have no god before yourself.
Your divine heritage dramatically boosts your attributes as you level up.


Message History

Casting: Stone Arrow (safe; 1% risk of failure)
Confirm with . or Enter, or press ? or * to list all spells.
You erupt in a blast of force!
The mystic blast hits the ice devil!
The ice devil is severely wounded.
The ice devil is knocked back by the mystic blast.
Unknown command.
The stone arrow hits the ice devil!
The ice devil is almost dead.
Casting: Stone Arrow (safe; 1% risk of failure)
Confirm with . or Enter, or press ? or * to list all spells.
You don't have enough magic to cast this spell.
Unknown command.
Okay, then.
The entropy weaver simulacrum attacks as you move away!
The entropy weaver simulacrum hits you.
The entropy weaver simulacrum freezes you!
The entropy weaver simulacrum closely misses you. x3
The ice devil attacks as you move away! The ice devil barely misses you.
The entropy weaver simulacrum attacks as you move away!
The entropy weaver simulacrum barely misses you. x2
The entropy weaver simulacrum hits you.
The entropy weaver simulacrum freezes you!!
The entropy weaver simulacrum hits you but does no damage.
The entropy weaver simulacrum attacks as you move away!
The entropy weaver simulacrum barely misses you.
The entropy weaver simulacrum hits you.
The entropy weaver simulacrum freezes you!
The entropy weaver simulacrum closely misses you. x2
The entropy weaver simulacrum attacks as you move away!
The entropy weaver simulacrum hits you.
* * * LOW HITPOINT WARNING * * *
The entropy weaver simulacrum freezes you!
* * * LOW HITPOINT WARNING * * *
The entropy weaver simulacrum hits you but does no damage. x2
The entropy weaver simulacrum barely misses you.
There is a stone staircase leading up here.
The entropy weaver simulacrum hits you.
* * * LOW HITPOINT WARNING * * *
The entropy weaver simulacrum freezes you!!
You die...

.....................÷......).##
......................÷.......P#
#..............................#
##...###...#.##...............##
.#...###.<##.###.....#.####...#
#....P#.....†..#.....####.....##
#P...##.......Z.......#........##
.....#[.......#P.....#....##..#.#
##....#......4#P@....##...#...###
##....#.......#Z.(...#.#####4.##
##...##.(.....4#.......##P....P#
#....P##.##.####...............#
##...PP..#.####...............##
.....(........................#
####PP...P##.#..##.##..P##..###
##################P####.## ###
###


You could see an ice devil, a death yak simulacrum and an entropy weaver
simulacrum.

Vanquished Creatures
  A hydra (Lair:2)
  A fire crab (Volcano)
  A bog body (Lair:2)
  A lindwurm (Volcano)
  Pikel (D:8)
  8 cane toads
  2 water nymphs (Lair:2)
  3 komodo dragons
  A polar bear (Lair:2)
  2 ice devils (Lair:2)
  Prince Ribbit (D:9)
  Grinder (D:3)
  3 wyverns
  A yak (Lair:2)
  11 fire bats
  A steam dragon (Volcano)
  Edmund (D:6)
  4 water moccasins
  A hell hound (Volcano)
  3 orc warriors
  An ice beast (D:6)
  2 sky beasts (D:7)
  2 black bears
  2 ogres
  4 wolves (Lair:1)
  A centaur (D:8)
  2 lemures (D:8)
  A phantom (D:7)
  2 kobold brigands (D:9)
  13 bullfrogs
  2 gnoll sergeants (D:9)
  4 scorpions
  A two-headed ogre simulacrum (Lair:2)
  9 wights
  6 killer bees
  6 howler monkeys
  2 hounds
  2 jellies
  6 orc priests
  A gnoll bouda (D:4)
  Ijyb (D:3)
  2 sleepcaps
  10 orc wizards
  A troll simulacrum (Lair:2)
  2 iguanas
  Robin (D:3)
  12 gnolls
  13 adders
  A naga simulacrum (Lair:2)
  5 river rats (Sewer)
  A shadow imp (D:6)
  5 worms
  6 dart slugs
  41 orcs
  8 endoplasms
  7 giant cockroaches
  6 hobgoblins
  7 jackals
  16 kobolds
  5 quokkas
  12 ball pythons
  5 bats
  10 frilled lizards
  20 goblins
  12 rats
326 creatures vanquished.

Notes
Turn   | Place    | Note
-------+----------+-------------------------------------------
     0 | D:1      | McKennaii the Demigod Conjurer began the quest for the Orb.
     0 | D:1      | Reached XP level 1. HP: 14/14 MP: 5/5
   347 | D:1      | Reached XP level 2. HP: 20/20 MP: 2/7
   350 | D:1      | Learned a level 2 spell: Searing Ray
   670 | D:1      | Reached skill level 4 in Conjurations
  1147 | D:1      | Reached XP level 3. HP: 26/26 MP: 1/9
  2231 | D:2      | Reached XP level 4. HP: 33/33 MP: 9/11
  2236 | D:2      | Learned a level 4 spell: Iskenderun's Mystic Blast
  2544 | D:3      | Noticed Ijyb
  2551 | D:3      | Killed Ijyb
  2591 | D:3      | Reached skill level 5 in Conjurations
  2591 | D:3      | Reached XP level 5. HP: 23/38 MP: 1/13
  2694 | D:3      | Noticed Robin
  2708 | D:3      | Killed Robin
  2835 | D:3      | Noticed Grinder
  2850 | D:3      | Killed Grinder
  2851 | D:3      | Reached XP level 6. HP: 45/45 MP: 7/15
  3468 | D:4      | Identified the +5 spear of Wyrd {speed, rPois Str+2}
  3662 | D:4      | Reached skill level 6 in Conjurations
  3692 | D:4      | Reached XP level 7. HP: 50/50 MP: 8/17
  3901 | D:4      | Reached skill level 5 in Spellcasting
  4241 | D:5      | Entered Level 5 of the Dungeon
  4399 | D:5      | Reached skill level 7 in Conjurations
  4966 | D:6      | Found a staircase to the Ecumenical Temple.
  5000 | D:5      | Reached XP level 8. HP: 40/57 MP: 9/20
  5058 | D:6      | Noticed Edmund
  5072 | D:6      | Killed Edmund
  5109 | D:6      | Reached skill level 8 in Conjurations
  5218 | D:6      | Found a glowing drain.
  5298 | Sewer    | Entered a sewer
  6090 | D:7      | Found Omaeffat's Jewellery Boutique.
  6341 | D:7      | Reached XP level 9. HP: 62/62 MP: 18/24
  6363 | D:7      | Reached skill level 9 in Conjurations
  6823 | D:7      | Learned a level 3 spell: Stone Arrow
  7138 | D:8      | Noticed Pikel
  7257 | D:8      | Killed Pikel
  7339 | D:8      | Reached skill level 10 in Conjurations
  7848 | D:9      | Found Qoheif's Magic Scroll Shop.
  7857 | D:9      | Bought a scroll of noise for 13 gold pieces
  7857 | D:9      | Bought a scroll of blinking for 97 gold pieces
  7857 | D:9      | Bought a scroll of teleportation for 39 gold pieces
  7857 | D:9      | Bought a scroll of magic mapping for 97 gold pieces
  7857 | D:9      | Bought a scroll of fear for 52 gold pieces
  7950 | D:9      | Found a staircase to the Lair.
  8294 | D:9      | Noticed Prince Ribbit
  8297 | D:9      | Killed Prince Ribbit
  8298 | D:9      | Reached XP level 10. HP: 69/69 MP: 21/27
  8591 | D:10     | Entered Level 10 of the Dungeon
  9403 | D:11     | Noticed a boulder beetle
  9499 | Lair:1   | Entered Level 1 of the Lair of Beasts
  9633 | Lair:1   | Reached skill level 11 in Conjurations
  9721 | Lair:1   | Got the Parchment of the Road Less Travelled
  9772 | Lair:1   | Reached skill level 10 in Spellcasting
  9904 | Lair:1   | HP: 3/69 [poisoned by a cane toad]
 10509 | Lair:2   | Noticed a five-headed hydra
 10514 | Lair:2   | Killed a five-headed hydra
 10650 | Lair:2   | Noticed a water nymph
 10651 | Lair:2   | Noticed a water nymph
 10654 | Lair:2   | Killed a water nymph
 10704 | Lair:2   | Reached skill level 12 in Conjurations
 10722 | Lair:2   | Reached XP level 11. HP: 58/74 MP: 16/30
 10768 | Lair:2   | Found a dark tunnel.
 10782 | Volcano  | Entered a volcano
 10830 | Volcano  | Noticed a lindwurm
 10837 | Volcano  | Killed a lindwurm
 10883 | Volcano  | Noticed a fire crab
 10895 | Volcano  | Killed a fire crab
 11622 | Lair:2   | Reached skill level 13 in Conjurations
 11823 | Lair:2   | Noticed a bog body
 11851 | Lair:2   | Killed a bog body
 11951 | Lair:2   | HP: 3/74 [entropy weaver simulacrum (5)]
 11951 | Lair:2   | Demolished by an entropy weaver simulacrum

Illustrated notes

Levels and vault maps discovered:
D:1:      amcnicky_arrival_abandoned_market, layout_loops_corners
D:2:      layout_loops_ring, kennysheep_generic_room_16
D:3:      layout_basic, uniq_ijyb, uniq_robin, uniq_grinder
D:4:      layout_basic, nicolae_vehumet_altar_sigil, minmay_misc_feat_square
D:5:      layout_loops_cross
D:6:      layout_cave_pools, temple_statues, gup_sewer_entry_glass,
          hangedman_glass_teeth, uniq_edmund
D:7:      layout_basic, evilmike_ruin_ashenzari, serial_shops,
          nicolae_shop_advertising_works [nicolae_subvault_shop_adworks]
D:8:      layout_rooms, uniq_pikel
D:9:      layout_irregular_city, nzn_hepliaklqana_mist_gate, lair_entry_dummy,
          serial_shops, shop, uniq_prince_ribbit1
D:10:     layout_loops_cross, nzn_wu_jian_contemplation, serial_glass,
          glass_columns_b, glass_columns_c
D:11:     nzn_winding_woodlands_large [nzn_winding_woodlands_5x5_default,
          nzn_winding_woodlands_5x15_sawtooth,
          nzn_winding_woodlands_5x5_checkerboard,
          nzn_winding_woodlands_center_triple_pond,
          nzn_winding_woodlands_15x15_boxy_spiral,
          nzn_winding_woodlands_center_diamonds,
          nzn_winding_woodlands_hourglass, nzn_winding_woodlands_5x15_parted,
          nzn_winding_woodlands_5x5_three], layout_basic, david_orc_2
Lair:1:   layout_roguey, st_stairs_9
Lair:2:   dreamdust_isle_of_ice, layout_regular_city,
          nicolae_shoals_entry_flooding, nicolae_volcano_entry_batcave,
          hangedman_tree_tricks, lemuel_oklob_altar

Skill      XL: |  1  2  3  4  5  6  7  8  9 10 11 |
---------------+----------------------------------+-----
Spellcasting   | 2 3 4 6 7 9 10 11 | 11.8
Conjurations   | 4 5 6 7 8 10 12 13 | 13.2
Dodging        | |  1.7
Stealth        | |  1.7

Action                     |  1- 3 |  4- 6 |  7- 9 | 10-12 || total
---------------------------+-------+-------+-------+-------++-------
  Melee: Unarmed           |     9 |       |       |       ||     9
         Spear             |       |    13 |     1 |       ||    14
         Punch             |       |     1 |       |       ||     1
   Cast: Magic Dart        |   107 |   105 |   134 |       ||   346
         Searing Ray       |     1 |    18 |    51 |     2 ||    72
         Iskenderun's Myst |       |       |     4 |    19 ||    23
         Stone Arrow       |       |       |    76 |   148 ||   224
    Use: Scroll            |       |       |     7 |     7 ||    14
 Armour: Robe              |     6 |     6 |    13 |     8 ||    33
         Leather armour    |       |       |       |     9 ||     9
  Dodge: Dodged            |    23 |    14 |    40 |    37 ||   114
